 Dungeon Crawl Stone Soup version 0.29.1-1-gd02db6906a (webtiles) character file.

Game seed: 14629373380274150383

1892 Sabo the Gusty (level 9, 0/54 HPs)
             Began as an Octopode Air Elementalist on Sept 30, 2022.
             Was a Follower of Qazlal.
             Slain by a necrophage (3 damage)
             ... on level 6 of the Dungeon.
             The game lasted 00:52:21 (8877 turns).

Sabo the Gusty (Octopode Air Elementalist)          Turns: 8877, Time: 00:52:22

Health: 0/54       AC:  3    Str:  7    XL:     9   Next: 15%
Magic:  17/17      EV: 18    Int: 28    God:    Qazlal [*.....]
Gold:   42         SH:  1    Dex: 12    Spells: 12/18 levels left

rFire   . . .      SeeInvis .   r - +2 short sword (venom)
rCold   + . .      Faith    .   (no shield)
rNeg    . . .      Spirit   .   D - +2 hat
rPois   .          Reflect  .   (no amulet)
rElec   .          Harm     .   f - +6 ring of intelligence
rCorr   .          Rampage  .   v - ring of protection from cold
Will    .....                   w - +4 ring of evasion
Stlth   ++++......              F - ring of flight
HPRegen 0.18/turn               k - ring of wizardry
MPRegen 0.15/turn               (no ring)
                                (no ring)
                                (no ring)

@: lethally poisoned (0 -> -12), weakened, flying
A: almost no armour, amphibious, 8 rings, camouflage 1, gelatinous body 1,
(nimble swimmer 1), tentacles
a: Renounce Religion


You were on level 6 of the Dungeon.
You worshipped Qazlal.
Qazlal was aware of your devotion.
You visited 1 branch of the dungeon, and saw 6 of its levels.

You collected 342 gold pieces.
You spent 300 gold pieces at shops.

Inventory:

Hand Weapons
 b - a +1 short sword of holy wrath
 h - a +0 sling
 o - a +0 rapier
 r - a +2 short sword of venom (weapon)
 I - a +2 whip of freezing
Missiles
 i - 3 atropa-tipped darts
 j - 5 silver javelins (quivered)
 x - 2 poisoned darts
 y - 2 javelins
Armour
 s - an orb of wrath
 D - a +2 hat (worn)
Magical Staves
 B - a staff of earth
Jewellery
 f - a +6 ring of intelligence (left tentacle)
 k - a ring of wizardry (on tentacle)
 v - a ring of protection from cold (right tentacle)
 w - a +4 ring of evasion (on tentacle)
 F - a ring of flight (on tentacle)
Wands
 H - a wand of charming (4)
Scrolls
 c - a scroll of amnesia
 e - 2 scrolls of fear
 g - 3 scrolls of blinking
 m - a scroll of magic mapping
 t - 2 scrolls of summoning {unknown}
 u - a scroll of acquirement {unknown}
 A - a scroll of immolation {unknown}
 E - a scroll of silence {unknown}
 G - 2 scrolls of enchant armour
 J - a scroll of fog {unknown}
Potions
 a - a potion of magic
 d - a potion of degeneration {unknown}
 l - 2 potions of haste {unknown}
 n - 3 potions of attraction {unknown}
 p - a potion of curing {unknown}
 q - 4 potions of brilliance {unknown}
 z - 4 potions of lignification {unknown}
 C - 2 potions of might


   Skills:
 + Level 2.3 Fighting
 + Level 4.2 Short Blades
 + Level 4.1 Dodging
 + Level 4.9 Stealth
 + Level 5.4 Spellcasting
 + Level 5.1 Conjurations
 + Level 5.9 Air Magic


You had 12 spell levels left.
You knew the following spells:

 Your Spells              Type           Power      Damage    Failure   Level
a - Shock                 Conj/Air       100%       1d9       1%          1
b - Airstrike             Air            20%        2d(3-19)  2%          4
c - Apportation           Tloc           14%        N/A       2%          1

Your spell library contained the following spells:

 Spells                   Type           Power      Damage    Failure   Level
 Magic Dart               Conj           100%       1d8       1%          1
 Static Discharge         Conj/Air       38%        3-8/arc   1%          2
 Mephitic Cloud           Conj/Pois/Air  28%        N/A       1%          3
 Swiftness                Air            41%        N/A       1%          3
 Necrotise                Necr           28%        1d5       2%          1
 Summon Small Mammal      Summ           28%        N/A       2%          1
 Call Imp                 Summ           7%         N/A       4%          2
 Confusing Touch          Hex            7%         N/A       8%          3
 Gell's Gravitas          Tloc           7%         N/A       8%          3
 Lesser Beckoning         Tloc           7%         N/A       8%          3
 Teleport Other           Tloc           7%         N/A       8%          3
 Yara's Violent Unravell  Hex/Tmut       3%         3d4       54%         5
 Enfeeble                 Hex            3%         N/A       100%        7


Dungeon Overview and Level Annotations

Branches:
Dungeon (6/15)
 Temple: D:4-7

Altars:
Qazlal

Shops:
D:5 =


Innate Abilities, Weirdness & Mutations

You cannot wear most types of armour.
You are amphibious.
You can wear up to eight rings at the same time.
Your skin changes colour to match your surroundings (Stealth+).
Your rubbery body absorbs attacks. (AC +1, EV +1)
((You are camouflaged when in or above water. (Stealth+)))
You have tentacles for arms and can constrict up to eight enemies at once.


Message History

The gnoll bouda barks out a call to the hunt!
The gnolls pick up the pace!
A gnoll comes into view. It is wielding a +0 whip.
The water moccasin misses you.
Casting: Airstrike (dangerous; 2% risk of failure)
Confirm with . or Enter, or press ? or * to list all spells.
You don't know that spell.
Casting: Airstrike (dangerous; 2% risk of failure)
Confirm with . or Enter, or press ? or * to list all spells.
Aiming: Airstrike (dangerous; 2% risk of failure)
Press: ? - help, Dir - move target, f - necrophage
Aim: a necrophage (empty space bonus: 4/8)
The air twists around and strikes the necrophage!
The necrophage is heavily damaged.
You constrict the water moccasin. The water moccasin closely misses you.
The gnoll bouda barely misses you.
Casting: Airstrike (dangerous; 2% risk of failure)
Confirm with . or Enter, or press ? or * to list all spells.
Aiming: Airstrike (dangerous; 2% risk of failure)
Press: ? - help, Dir - move target, f - gnoll, p - necrophage
Aim: a gnoll, wielding a +0 club (covering ground quickly, empty space bonus: 3/8)
The air twists around and strikes the gnoll!
The gnoll is heavily wounded.
You are no longer corroded.
You constrict the water moccasin. The water moccasin bites you.
* * * LOW HITPOINT WARNING * * *
You are lethally poisoned!
The water moccasin poisons you!
The gnoll bouda calls upon its god to heal the gnoll.
The gnoll is healed somewhat.
You block the necrophage's attack.
The water moccasin completely misses you.
Casting: Airstrike (dangerous; 2% risk of failure)
Confirm with . or Enter, or press ? or * to list all spells.
You don't have enough magic to cast this spell.
Magic courses through your body.
You constrict the water moccasin.
* * * LOW HITPOINT WARNING * * *
You feel very sick. The water moccasin closely misses you.
You block the gnoll bouda's attack. The necrophage hits you.
You die...

.##........ ...........
#.# ..8 .##........ #.#
...# .......###.
#.#######....
###....###.##.#.....†....
#.........#.#..........
###..#...#..#.#..........
.....#.#.#..#.#g.........
######.#....#)gS@).......
.......÷....g..n.........
######.####.#>#g.........
#.)))....#..........
######...###########
##.....# #<....# #.....#
#.....#


You could see a water moccasin, a necrophage, a gnoll bouda and 3 gnolls.

Vanquished Creatures
  Pikel (D:5)
  2 black bears (D:5)
  An ogre (D:5)
  2 lemures (D:5)
  2 phantoms
  A bullfrog (D:6)
  2 necrophages (D:4)
  3 scorpions
  4 jellies
  5 hounds
  2 gnoll boudas
  2 iguanas
  11 adders
  11 gnolls
  A white imp (D:3)
  3 worms
  A dart slug (D:2)
  9 orcs
  A bat (D:2)
  2 endoplasms
  4 giant cockroaches
  7 goblins
  5 hobgoblins
  7 quokkas
  8 ball pythons
  8 frilled lizards
  7 kobolds
  5 rats
117 creatures vanquished.

Notes
Turn   | Place    | Note
-------+----------+-------------------------------------------
     0 | D:1      | Sabo the Octopode Air Elementalist began the quest for the
                  | Orb.
     0 | D:1      | Reached XP level 1. HP: 11/11 MP: 3/3
   343 | D:1      | Reached XP level 2. HP: 17/17 MP: 1/5
  1619 | D:2      | Reached XP level 3. HP: 21/21 MP: 2/6
  2574 | D:2      | Reached XP level 4. HP: 27/27 MP: 7/7
  3150 | D:3      | Reached XP level 5. HP: 22/32 MP: 7/9
  3391 | D:3      | Reached skill level 1 in Short Blades
  3802 | D:3      | Found a stormy altar of Qazlal.
  3890 | D:3      | Became a worshipper of Qazlal Stormbringer
  3922 | D:3      | Learned a level 4 spell: Airstrike
  4492 | D:4      | Reached XP level 6. HP: 37/37 MP: 6/10
  5045 | D:4      | Reached XP level 7. HP: 42/42 MP: 6/12
  5522 | D:4      | Reached skill level 1 in Fighting
  6231 | D:5      | Entered Level 5 of the Dungeon
  6293 | D:5      | Found Widwin's Jewellery Shoppe.
  6323 | D:5      | Reached skill level 5 in Air Magic
  6727 | D:5      | Reached XP level 8. HP: 46/48 MP: 10/14
  7308 | D:5      | Reached * piety under Qazlal
  7463 | D:5      | Bought a ring of wizardry for 300 gold pieces
  7466 | D:5      | Learned a level 1 spell: Apportation
  7694 | D:5      | Noticed Pikel
  7706 | D:5      | Killed Pikel
  7707 | D:5      | Reached skill level 5 in Spellcasting
  8101 | D:5      | Reached XP level 9. HP: 39/54 MP: 13/16
  8854 | D:6      | Reached skill level 5 in Conjurations
  8877 | D:6      | Slain by a necrophage

Illustrated notes

Levels and vault maps discovered:
D:1:      elethiomel_arrival_maze, layout_loops_cross, minmay_three_crescents
D:2:      layout_rooms, minmay_pentomino_x2
D:3:      layout_loops_ring, mainiacjoe_overflow_catwalk
D:4:      layout_loops_corners, minmay_liquid_box
D:5:      layout_basic, serial_shops, nicolae_shop_behind_doors, uniq_pikel
D:6:      layout_basic, minmay_temple_entry_glassed_door, ebering_ghost_gozag,
          corexii_hall_statues_i

Skill      XL: |  1  2  3  4  5  6  7  8  9 |
---------------+----------------------------+-----
Stealth        | 3 4 |  4.9
Air Magic      | 4 5 |  5.9
Spellcasting   | 3 4 5 |  5.4
Short Blades   | 1 3 4 |  4.2
Conjurations   | 2 3 4 5 |  5.1
Fighting       | 1 2 |  2.3
Dodging        | 3 4 |  4.1

Action                   |  1- 3 |  4- 6 |  7- 9 || total
-------------------------+-------+-------+-------++-------
Melee: Short sword       |    14 |    37 |    94 ||   145
       Tentacles         |     3 |     9 |    28 ||    40
       Constrict         |     2 |    10 |    16 ||    28
       Punch             |       |       |     2 ||     2
 Cast: Shock             |    64 |    68 |    88 ||   220
       Airstrike         |       |       |     3 ||     3
  Use: Scroll            |     2 |     4 |     3 ||     9
       Potion            |       |       |     1 ||     1
 Stab: Sleeping          |     1 |       |       ||     1
Armor: Skin              |       |     3 |    11 ||    14
Dodge: Dodged            |     4 |    26 |    77 ||   107
Block: Other             |       |       |     3 ||     3
